 Dungeon Crawl Stone Soup version 0.18.1-48-g4cf74bf (webtiles) character file.

541 Gargoyl the Skirmisher (level 7, 0/54 HPs)
             Began as a Demonspawn Abyssal Knight on July 19, 2016.
             Was a Priest of Lugonu.
             Slain by Dowan
             ... wielding a +6 dagger of holy wrath
              (1 damage)
             ... on level 4 of the Dungeon.
             The game lasted 00:09:38 (4866 turns).

Gargoyl the Skirmisher (Demonspawn Abyssal Knight)  Turns: 4866, Time: 00:09:38

Health: 0/54       AC: 11    Str: 18 (20) XL:     7   Next: 5%
Magic:  9/9        EV:  4    Int: 14 (15) God:    Lugonu [***...]
Gold:   169        SH:  8    Dex: 12 (14) Spells: 0 memorised, 6 levels left

rFire  . . .     SeeInvis .     a - +1 hand axe
rCold  + . .     Gourm    .     g - +0 plate armour
rNeg   . . .     Faith    .     m - +0 shield
rPois  .         Spirit   .     (helmet restricted)
rElec  .         Dismiss  .     (no cloak)
rCorr  +         Reflect  .     (no gloves)
SustAt .         Harm     .     (no boots)
MR     .....                    (no amulet)
Stlth  ..........               q - ring of protection from cold
                                i - ring of resist corrosion

@: mighty, not resistant to hostile enchantments, extremely unstealthy
A: antennae 2, thin skeletal structure 1, clever 1, powered by pain 1, rot
immunity, sturdy frame 1
a: Depart the Abyss, Bend Space, Banish, Renounce Religion


You were on level 4 of the Dungeon.
You worshipped Lugonu.
Lugonu was most pleased with you.
You were not hungry.

You visited 1 branch of the dungeon, and saw 4 of its levels.
You visited the Abyss 1 time.

You collected 169 gold pieces.

Inventory:

Hand Weapons
 a - a +1 hand axe (weapon)
Armour
 g - a +0 plate armour (worn)
 m - a +0 shield (worn)
Jewellery
 i - a ring of resist corrosion (left hand)
 q - a ring of protection from cold (right hand)
 s - an uncursed ring of sustain attributes
Scrolls
 b - 2 scrolls of identify
 e - a scroll of brand weapon {unknown}
 f - a scroll of recharging
 j - a scroll of remove curse {unknown}
 n - 2 scrolls of random uselessness {unknown}
 o - a scroll of teleportation {unknown}
 r - 4 scrolls of enchant armour {unknown}
 u - 2 scrolls of fog {unknown}
 v - a scroll of noise {unknown}
 y - a scroll of enchant weapon {unknown}
Potions
 k - a potion of might
 x - a potion of magic
Comestibles
 c - 4 bread rations
 h - 2 meat rations
 l - a beef jerky
 t - 3 fruits
 A - a royal jelly


   Skills:
 + Level 4.3 Fighting
 + Level 3.1 Axes
 * Level 4.1 Armour
 + Level 1.4 Dodging
 * Level 3.0 Stealth
 + Level 2.0 Shields
 + Level 2.7 Invocations


You had 6 spell levels left.
You didn't know any spells.

Dungeon Overview and Level Annotations

Branches:
Dungeon (4/15)
 Temple: D:4-7

Altars:
Nemelex Xobeh
Vehumet
Zin

Annotations:
D:4 Dowan


Innate Abilities, Weirdness & Mutations

You have a pair of antennae on your head.
You have a somewhat thin skeletal structure (Dex +2, Stealth).
You sometimes gain a little power by taking damage.
You are immune to rotting.
Your mind is acute. (Int +2)
Your movements are slightly less encumbered by armour (ER -2).


Message History

You convulse.
* * * LOW HITPOINT WARNING * * *
Dowan hits you but does no damage.
Drink which item? (? for menu, Esc to quit)
It was a potion of degeneration.
There was something very wrong with that liquid.
You feel weakened.
You feel dopey.
You feel clumsy. Dowan hits you but does no damage. x2
Drink which item? (? for menu, Esc to quit)
You feel very mighty all of a sudden.
Dowan hits you with a dagger of holy wrath.
* * * LOW HITPOINT WARNING * * *
You convulse.
* * * LOW HITPOINT WARNING * * *
Your plate armour prevents you from hitting Dowan.
Dowan is moderately wounded.
Dowan hits you with a dagger of holy wrath.
* * * LOW HITPOINT WARNING * * *
You convulse.
You die...

......... .###
....... ..... ...
#'# #.# #.# #e#
#@# #.# . #......#
#.# # #.# .
#......# #.# #.#.#
# #......# #.#
#.#.# # #......#
#.# .... #
#......# #.#
#.###.### #......#
#.# #........
#......#########.#
###....
#......'.........#
.......###.


You could see Dowan.

Vanquished Creatures
  The ghost of raetorn the Ruffian, an amateur VSMo (D:3)
  Duvessa (D:4)
  3 orc priests (D:3)
  Jessica (D:3)
  Robin (D:3)
  5 adders
  3 gnolls
  4 oozes
  5 worms
  2 dart slugs
  4 giant geckos
  8 orcs (D:3)
  9 bats
  4 giant cockroaches
  13 hobgoblins
  6 jackals
  4 quokkas
  7 giant newts
  11 goblins
  3 kobolds
  A quokka skeleton (D:4)
  8 rats
104 creatures vanquished.

Notes
Turn   | Place    | Note
--------------------------------------------------------------
     0 | Abyss:1  | Gargoyl the Demonspawn Abyssal Knight began the quest for the Orb.
     0 | Abyss:1  | Reached XP level 1. HP: 18/18 MP: 2/2
    34 | Abyss:1  | Noticed a small abomination
    89 | Abyss:2  | Noticed an insubstantial wisp
   128 | Abyss:2  | Noticed a smoke demon
   128 | D:1      | Escaped the Abyss
   722 | D:1      | Gained mutation: You have a pair of small antennae on your head. [demonic ancestry]
   722 | D:1      | Reached XP level 2. HP: 24/24 MP: 3/3
   797 | D:1      | Reached * piety under Lugonu
  1201 | D:1      | Reached skill level 1 in Dodging
  1358 | D:2      | Gained mutation: You have a somewhat thin skeletal structure (Dex +2, Stealth). [demonic ancestry]
  1358 | D:2      | Reached XP level 3. HP: 27/29 MP: 4/4
  1606 | D:2      | Reached skill level 1 in Stealth
  2471 | D:2      | Gained mutation: You sometimes gain a little power by taking damage. [demonic ancestry]
  2471 | D:2      | Reached XP level 4. HP: 28/36 MP: 6/6
  2579 | D:2      | Reached ** piety under Lugonu
  2812 | D:3      | Noticed raetorn's ghost (amateur VSMo)
  2824 | D:3      | Killed raetorn's ghost
  2824 | D:3      | Reached skill level 1 in Shields
  2824 | D:3      | Gained mutation: You have a pair of antennae on your head. [demonic ancestry]
  2824 | D:3      | Reached XP level 5. HP: 19/42 MP: 7/7
  3300 | D:3      | Noticed Robin
  3319 | D:3      | Killed Robin
  3328 | D:3      | Noticed Jessica
  3335 | D:3      | Reached XP level 6. HP: 12/48 MP: 8/8
  3340 | D:3      | Killed Jessica
  3340 | D:3      | Reached *** piety under Lugonu
  3752 | D:3      | Found a radiant altar of Vehumet.
  3854 | D:3      | Gained mutation: Your mind is acute. (Int +2) [potion of mutation]
  3854 | D:3      | Gained mutation: Your movements are slightly less encumbered by armour (ER -2). [potion of mutation]
  4150 | D:3      | Found a glowing silver altar of Zin.
  4150 | D:3      | Found a sparkling altar of Nemelex Xobeh.
  4832 | D:4      | Noticed Duvessa
  4832 | D:4      | Noticed Dowan
  4856 | D:4      | Killed Duvessa
  4856 | D:4      | Gained mutation: You are immune to rotting. [demonic ancestry]
  4856 | D:4      | Reached XP level 7. HP: 39/54 MP: 9/9
  4865 | D:4      | HP: 1/54 [Dowan/dagger of holy wrath (2)]
  4866 | D:4      | Slain by Dowan

Skill      XL: |  1  2  3  4  5  6 |
---------------+-------------------+-----
Armour         | 2 3 4 |  4.1
Dodging        | 1 |  1.4
Axes           | 2 3 |  3.1
Stealth        | 1 2 3 |  3.0
Shields        | 1 2 |  2.0
Fighting       | 4 |  4.3
Invocations    | |  2.7

Action                   |  1- 3 |  4- 6 |  7- 9 || total
-------------------------+-------+-------+-------++-------
Melee: Hand axe          |   175 |   246 |     8 ||   429
Invok: Depart the Abyss  |     1 |       |       ||     1
  Use: Scroll            |     2 |       |       ||     2
       Potion            |       |     5 |     2 ||     7
  Eat: Chunk             |     4 |    10 |       ||    14
Armor: Plate armour      |   225 |   182 |     6 ||   413
       Leather armour    |     1 |       |       ||     1
Dodge: Dodged            |    15 |    31 |     1 ||    47
Block: Shield            |    74 |   117 |     3 ||   194
